TOP OF THE 1ST |
Galesburg Guzzlers batting - Pitching for Phoenix Hotspur U-21 : LHP Alejandro Guerra
|
Pitching: LHP Alejandro Guerra
|
|
Batting: RHB Roland Deschain
|
0-0: Foul Ball, location: 2F 0-1: Called Strike 0-2: Ball 1-2: Strikes out looking
|
Batting: LHB Gabriel Díaz
|
0-0: Called Strike 0-1: Ground out 4-3 (Groundball, 34)
|
Batting: RHB Grady Walkinshaw
|
0-0: Called Strike 0-1: Ball Single, Error in OF, E8, batter to second base
|
Batting: RHB Fernando Rivera
|
0-0: SINGLE (Line Drive, 6D) Grady Walkinshaw to third
|
Batting: RHB Bubba Blevins
|
0-0: Ball 1-0: Ball 2-0: Foul Ball, location: 2F 2-1: Ball 3-1: Called Strike 3-2: Base on Balls Fernando Rivera to second
|
Batting: LHB John Ennis
|
0-0: Called Strike 0-1: Ball 1-1: Foul Ball, location: 2F 1-2: Ball 2-2: Foul Ball, location: 2F 2-2: Ball 3-2: Base on Balls Grady Walkinshaw scores Fernando Rivera to third Bubba Blevins to second
|
Batting: RHB Ty Struck
|
0-0: Ball 1-0: SINGLE (Groundball, 6) Fernando Rivera scores Bubba Blevins to third John Ennis to second Runner from 3rd tries for Home, SAFE, no throw or cutoff
|
Batting: RHB Carlos Cardona
|
0-0: Called Strike 0-1: Ball 1-1: Called Strike 1-2: Strikes out looking
|
Top of the 1st over - 3 run(s), 3 hit(s), 1 error(s), 2 left on base; Galesburg 3 - Phoenix 0 |
BOTTOM OF THE 1ST |
Phoenix Hotspur U-21 batting - Pitching for Galesburg Guzzlers : LHP Gabriel Valenzuela
|
Pitching: LHP Gabriel Valenzuela
|
|
Batting: LHB Roberto Fierro
|
0-0: Ball 1-0: Called Strike 1-1: Ball 2-1: Foul Ball, location: 2F 2-2: Ball 3-2: Strikes out swinging
|
Batting: RHB Carl Tucker
|
0-0: Called Strike 0-1: Ball 1-1: Called Strike 1-2: Strikes out looking
|
Batting: RHB Solomon Norment
|
0-0: Ball 1-0: Ball 2-0: Foul Ball, location: 2F 2-1: TRIPLE (Line Drive, 9LS)
|
Batting: RHB Manuel Guillama
|
0-0: Called Strike 0-1: Fly out, F4 (Popup, 4D)
|
Bottom of the 1st over - 0 run(s), 1 hit(s), 0 error(s), 1 left on base; Galesburg 3 - Phoenix 0 |
TOP OF THE 2ND |
Galesburg Guzzlers batting - Pitching for Phoenix Hotspur U-21 : LHP Alejandro Guerra
|
Batting: RHB Pierre Bernard
|
0-0: Ball 1-0: Ground out 6-3 (Groundball, 6)
|
Batting: RHB Roland Deschain
|
0-0: Swinging Strike 0-1: Ball 1-1: Ball 2-1: Ball 3-1: Foul Ball, location: 2F 3-2: Base on Balls
|
Batting: LHB Gabriel Díaz
|
0-0: Swinging Strike 0-1: Called Strike 0-2: Grounds into double play, 4-6-3 (Groundball, 4)
|
Top of the 2nd over - 0 run(s), 0 hit(s), 0 error(s), 0 left on base; Galesburg 3 - Phoenix 0 |
BOTTOM OF THE 2ND |
Phoenix Hotspur U-21 batting - Pitching for Galesburg Guzzlers : LHP Gabriel Valenzuela
|
Batting: RHB Pepe Reyes
|
0-0: Fly out, F9 (Flyball, 9D)
|
Batting: RHB Bernardo Rivera
|
0-0: Ball 1-0: Foul Ball, location: 2F 1-1: Fly out, F5 (Popup, 5SF)
|
Batting: RHB Germán Alfaro
|
0-0: Ball 1-0: Ball 2-0: Called Strike 2-1: Ground out 6-3 (Groundball, 6)
|
Bottom of the 2nd over - 0 run(s), 0 hit(s), 0 error(s), 0 left on base; Galesburg 3 - Phoenix 0 |
TOP OF THE 3RD |
Galesburg Guzzlers batting - Pitching for Phoenix Hotspur U-21 : LHP Alejandro Guerra
|
Batting: RHB Grady Walkinshaw
|
0-0: Foul Ball, location: 2F 0-1: Foul Ball, location: 2F 0-2: Strikes out swinging
|
Batting: RHB Fernando Rivera
|
0-0: Ground out 6-3 (Groundball, 6)
|
Batting: RHB Bubba Blevins
|
0-0: Ball 1-0: SINGLE (Groundball, 56D)
|
Batting: LHB John Ennis
|
0-0: Reached on Error, E8 (Line Drive, 8RM) Bubba Blevins to third
|
Batting: RHB Ty Struck
|
0-0: Called Strike 0-1: Ball 1-1: SINGLE (Line Drive, 8LS) Bubba Blevins scores John Ennis to third Runner from 3rd tries for Home, throw and OUT!
|
Top of the 3rd over - 1 run(s), 2 hit(s), 1 error(s), 1 left on base; Galesburg 4 - Phoenix 0 |
BOTTOM OF THE 3RD |
Phoenix Hotspur U-21 batting - Pitching for Galesburg Guzzlers : LHP Gabriel Valenzuela
|
Batting: RHB Rubén Andrada
|
0-0: Foul Ball, location: 2F 0-1: Foul Ball, location: 2F 0-2: Ball 1-2: Ball 2-2: Ball 3-2: SINGLE (Groundball, 56D)
|
Batting: RHB Juan Rivera
|
0-0: Ball Wild Pitch! Rubén Andrada to second 1-0: Ball 2-0: Ground out 4-3 (Groundball, 4) Rubén Andrada to third
|
Batting: LHB Roberto Fierro
|
0-0: Foul Ball, location: 2F 0-1: Ball 1-1: Foul Ball, location: 2F 1-2: Foul Ball, location: 2F 1-2: Strikes out looking
|
Batting: RHB Carl Tucker
|
0-0: Called Strike 0-1: Ball 1-1: SINGLE (Groundball, 4MD) Rubén Andrada scores
|
Batting: RHB Solomon Norment
|
0-0: Ball 1-0: Ground out 5-3 (Groundball, 5L)
|
Bottom of the 3rd over - 1 run(s), 2 hit(s), 0 error(s), 1 left on base; Galesburg 4 - Phoenix 1 |
TOP OF THE 4TH |
Galesburg Guzzlers batting - Pitching for Phoenix Hotspur U-21 : LHP Alejandro Guerra
|
Batting: RHB Carlos Cardona
|
0-0: Fly out, F3 (Popup, 3L)
|
Batting: RHB Pierre Bernard
|
0-0: Called Strike 0-1: Called Strike 0-2: Foul Ball, location: 2F 0-2: Strikes out swinging
|
Batting: RHB Roland Deschain
|
0-0: Foul Ball, location: 2F 0-1: Swinging Strike 0-2: Ground out 5-3 (Groundball, 5)
|
Top of the 4th over - 0 run(s), 0 hit(s), 0 error(s), 0 left on base; Galesburg 4 - Phoenix 1 |
BOTTOM OF THE 4TH |
Phoenix Hotspur U-21 batting - Pitching for Galesburg Guzzlers : LHP Gabriel Valenzuela
|
Batting: RHB Manuel Guillama
|
0-0: Fly out, F3 (Popup, 3SF)
|
Batting: RHB Pepe Reyes
|
0-0: Fly out, F8 (Line Drive, 8LM)
|
Batting: RHB Bernardo Rivera
|
0-0: Ground out 4-3 (Groundball, 4)
|
Bottom of the 4th over - 0 run(s), 0 hit(s), 0 error(s), 0 left on base; Galesburg 4 - Phoenix 1 |
TOP OF THE 5TH |
Galesburg Guzzlers batting - Pitching for Phoenix Hotspur U-21 : LHP Alejandro Guerra
|
Batting: LHB Gabriel Díaz
|
0-0: Ground out U3 (Groundball, 3)
|
Batting: RHB Grady Walkinshaw
|
0-0: Called Strike 0-1: Foul Ball, location: 2F 0-2: Strikes out looking
|
Batting: RHB Fernando Rivera
|
0-0: Called Strike 0-1: Called Strike 0-2: Foul Ball, location: 2F 0-2: Strikes out swinging
|
Top of the 5th over - 0 run(s), 0 hit(s), 0 error(s), 0 left on base; Galesburg 4 - Phoenix 1 |
BOTTOM OF THE 5TH |
Phoenix Hotspur U-21 batting - Pitching for Galesburg Guzzlers : LHP Gabriel Valenzuela
|
Batting: RHB Germán Alfaro
|
0-0: Swinging Strike 0-1: Ball 1-1: Ground out 6-3 (Groundball, 56)
|
Batting: RHB Rubén Andrada
|
0-0: Ball 1-0: Fly out, F8 (Flyball, 8LS)
|
Batting: RHB Juan Rivera
|
0-0: Swinging Strike 0-1: Foul Ball, location: 2F 0-2: Fly out, F4 (Popup, 4D)
|
Bottom of the 5th over - 0 run(s), 0 hit(s), 0 error(s), 0 left on base; Galesburg 4 - Phoenix 1 |
TOP OF THE 6TH |
Galesburg Guzzlers batting - Pitching for Phoenix Hotspur U-21 : LHP Alejandro Guerra
|
Batting: RHB Bubba Blevins
|
0-0: Foul Ball, location: 2F 0-1: Ball 1-1: Ground out 1-3 (Groundball, 13S)
|
Batting: LHB John Ennis
|
0-0: Called Strike 0-1: Ball 1-1: Ball 2-1: Foul Ball, location: 2F 2-2: TRIPLE (Flyball, 8LXD)
|
Batting: RHB Ty Struck
|
0-0: Intentional Walk
|
Batting: RHB Carlos Cardona
|
0-0: Called Strike 0-1: Ball 1-1: Ball 2-1: Foul Ball, location: 2F 2-2: SINGLE (Line Drive, 9LS) John Ennis scores Ty Struck to second
|
Batting: RHB Pierre Bernard
|
0-0: Foul Ball, location: 2F 0-1: Foul Ball, location: 2F 0-2: Ball 1-2: Ball 2-2: Foul Ball, location: 2F 2-2: Strikes out swinging
|
Batting: RHB Roland Deschain
|
0-0: Called Strike 0-1: Foul Ball, location: 2F 0-2: Ball 1-2: Foul Ball, location: 2F 1-2: Ball 2-2: Ball 3-2: Ground out 5-3 (Groundball, 56S)
|
Top of the 6th over - 1 run(s), 2 hit(s), 0 error(s), 2 left on base; Galesburg 5 - Phoenix 1 |
BOTTOM OF THE 6TH |
Phoenix Hotspur U-21 batting - Pitching for Galesburg Guzzlers : LHP Gabriel Valenzuela
|
Batting: LHB Roberto Fierro
|
0-0: Called Strike 0-1: Ball 1-1: Ball 2-1: Ball 3-1: Called Strike 3-2: Base on Balls
|
Batting: RHB Carl Tucker
|
0-0: Ball 1-0: Called Strike 1-1: Ball 2-1: Called Strike 2-2: Foul Ball, location: 2F 2-2: Strikes out swinging
|
Batting: RHB Solomon Norment
|
0-0: Ball 1-0: Called Strike 1-1: Ball 2-1: Ball 3-1: Foul Ball, location: 2F 3-2: Strikes out swinging Roberto Fierro steals 2nd base Batter strikes out.
|
Batting: RHB Manuel Guillama
|
0-0: Ball 1-0: Ball 2-0: Foul Ball, location: 2F 2-1: Called Strike 2-2: Strikes out swinging
|
Bottom of the 6th over - 0 run(s), 0 hit(s), 0 error(s), 1 left on base; Galesburg 5 - Phoenix 1 |
TOP OF THE 7TH |
Galesburg Guzzlers batting - Pitching for Phoenix Hotspur U-21 : LHP Alejandro Guerra
|
Batting: LHB Gabriel Díaz
|
0-0: Ball 1-0: Swinging Strike 1-1: Called Strike 1-2: Ground out U3 (Groundball, 3)
|
Batting: RHB Grady Walkinshaw
|
0-0: Ground out 5-3 (Groundball, 5S)
|
Batting: RHB Fernando Rivera
|
0-0: Ball 1-0: Called Strike 1-1: Swinging Strike 1-2: Ball 2-2: Foul Ball, location: 2F 2-2: Fly out, F9 (Flyball, 9D)
|
Top of the 7th over - 0 run(s), 0 hit(s), 0 error(s), 0 left on base; Galesburg 5 - Phoenix 1 |
BOTTOM OF THE 7TH |
Phoenix Hotspur U-21 batting - Pitching for Galesburg Guzzlers : LHP Gabriel Valenzuela
|
Batting: RHB Pepe Reyes
|
0-0: Ball 1-0: Ball 2-0: Swinging Strike 2-1: Ball 3-1: Base on Balls
|
Batting: RHB Bernardo Rivera
|
0-0: Called Strike 0-1: Grounds into double play, 1-6-3 (Groundball, 15S)
|
Batting: RHB Germán Alfaro
|
0-0: Ground out 6-3 (Groundball, 6)
|
Bottom of the 7th over - 0 run(s), 0 hit(s), 0 error(s), 0 left on base; Galesburg 5 - Phoenix 1 |
TOP OF THE 8TH |
Galesburg Guzzlers batting - Pitching for Phoenix Hotspur U-21 : LHP Alejandro Guerra
|
Pitching: LHP Cobus Reijnen
|
|
Batting: RHB Bubba Blevins
|
0-0: Foul Ball, location: 2F 0-1: Ground out 4-3 (Groundball, 4)
|
Batting: LHB John Ennis
|
0-0: Ground out 4-3 (Groundball, 34)
|
Batting: RHB Ty Struck
|
0-0: Ball 1-0: Swinging Strike 1-1: Called Strike 1-2: Strikes out swinging
|
Top of the 8th over - 0 run(s), 0 hit(s), 0 error(s), 0 left on base; Galesburg 5 - Phoenix 1 |
BOTTOM OF THE 8TH |
Phoenix Hotspur U-21 batting - Pitching for Galesburg Guzzlers : LHP Gabriel Valenzuela
|
Batting: RHB Rubén Andrada
|
0-0: Called Strike 0-1: Swinging Strike 0-2: Ball 1-2: Ball 2-2: Strikes out swinging
|
Batting: RHB Juan Rivera
|
0-0: Ball 1-0: Foul Ball, location: 2F 1-1: Ball 2-1: Ball 3-1: Base on Balls
|
Batting: LHB Roberto Fierro
|
0-0: Hit by Pitch Juan Rivera to second
|
Batting: RHB Carl Tucker
|
0-0: Called Strike 0-1: Ball Balk! Juan Rivera to third Roberto Fierro to second 1-1: Swinging Strike 1-2: Ground out 5-3 (Groundball, 15S) Juan Rivera scores Roberto Fierro to third
|
Batting: RHB Solomon Norment
|
0-0: Called Strike 0-1: Foul Ball, location: 2F 0-2: Ball 1-2: Fly out, F8 (Flyball, 8RM)
|
Bottom of the 8th over - 1 run(s), 0 hit(s), 0 error(s), 1 left on base; Galesburg 5 - Phoenix 2 |
TOP OF THE 9TH |
Galesburg Guzzlers batting - Pitching for Phoenix Hotspur U-21 : LHP Cobus Reijnen
|
Batting: RHB Carlos Cardona
|
0-0: Foul Ball, location: 2F 0-1: Foul Ball, location: 2F 0-2: Strikes out swinging
|
Batting: RHB Pierre Bernard
|
0-0: Called Strike 0-1: Swinging Strike 0-2: Ball 1-2: Strikes out looking
|
Batting: RHB Roland Deschain
|
0-0: Called Strike 0-1: Ball 1-1: Ball 2-1: Swinging Strike 2-2: Strikes out swinging
|
Top of the 9th over - 0 run(s), 0 hit(s), 0 error(s), 0 left on base; Galesburg 5 - Phoenix 2 |
BOTTOM OF THE 9TH |
Phoenix Hotspur U-21 batting - Pitching for Galesburg Guzzlers : LHP Gabriel Valenzuela
|
Pitching: LHP Carlos Casas
|
|
Batting: RHB Manuel Guillama
|
0-0: Ball 1-0: Called Strike 1-1: Called Strike 1-2: Strikes out swinging
|
Batting: RHB Pepe Reyes
|
0-0: SINGLE (Line Drive, 6D)
|
Batting: RHB Bernardo Rivera
|
0-0: Ball 1-0: Grounds into double play, 6-4-3 (Groundball, 6)
|
Bottom of the 9th over - 0 run(s), 1 hit(s), 0 error(s), 0 left on base; Galesburg 5 - Phoenix 2 |
|